 Dungeon Crawl Stone Soup version 0.26-a0-21-gf97e55dc39 (webtiles) character file.

Game seed: 11085750818576618244, levelgen mode: deterministic

1507 Esekla the Slasher (level 8, -3/52 HPs)
             Began as an Octopode Warper on May 26, 2020.
             Was an Initiate of Gozag.
             Killed from afar by a wight (12 damage)
             ... with a puff of flame
             ... on level 6 of the Dungeon.
             The game lasted 00:47:22 (7223 turns).

Esekla the Slasher (Octopode Warper)                Turns: 7223, Time: 00:47:23

Health: -3/52      AC:  3    Str: 11    XL:     8   Next: 82%
Magic:  0/13       EV: 30    Int: 16    God:    Gozag
Gold:   261        SH:  0    Dex: 12    Spells: 3/14 levels left

rFire    . . .     SeeInvis .   a - +1 falchion
rCold    . . .     Gourm    .   (no shield)
rNeg     . . .     Faith    .   (helmet restricted)
rPois    .         Spirit   .   r - amulet of the acrobat
rElec    .         Reflect  .   (no ring)
rCorr    .         Harm     .   (no ring)
MR       .....     Clarity  +   (no ring)
Stlth    +++.......             (no ring)
HPRegen  0.17/turn              (no ring)
MPRegen  0.13/turn              (no ring)
                                (no ring)
                                (no ring)

@: acrobat, lightly drained
A: almost no armour, stealthy swim, amphibious, 8 rings, constrict 8, thin
metallic scales 1, camouflage 1, clarity, gelatinous body 1
a: Potion Petition, Call Merchant, Bribe Branch, Renounce Religion


You were on level 6 of the Dungeon.
You worshipped Gozag.
Gozag was aware of your devotion.
You were not hungry.

You visited 2 branches of the dungeon, and saw 7 of its levels.
You also visited: Ossuary.

You collected 325 gold pieces.
You paid 64 gold pieces to Gozag.

Inventory:

Hand Weapons
 a - a +1 falchion (weapon)
 g - a +1 dagger of protection
Missiles
 d - 4 boomerangs of dispersal (quivered)
 l - 23 poisoned darts
Jewellery
 r - an amulet of the acrobat (around mantle)
 v - an uncursed amulet of faith
Wands
 x - a wand of flame (15)
Scrolls
 b - a scroll of remove curse
 c - 2 scrolls of blinking
 e - a scroll of noise
 k - 2 scrolls of enchant weapon
 n - a scroll of amnesia {unknown}
 q - a scroll of teleportation {unknown}
 u - a scroll of magic mapping {unknown}
 y - a scroll of identify
Potions
 h - a potion of flight
 i - 2 potions of mutation
 j - a potion of ambrosia {unknown}
 m - 5 potions of might
 o - a potion of magic {unknown}
 p - 2 potions of brilliance
 s - a potion of curing {unknown}
 t - a potion of haste {unknown}
 w - a potion of resistance
Comestibles
 f - 12 rations


   Skills:
 + Level 3.4(3.1) Fighting
 + Level 0.8(3.9) Short Blades
 + Level 6.7(6.4) Long Blades
 - Level 1.0(0.7) Throwing
 + Level 4.7(4.4) Dodging
 * Level 3.5(3.2) Spellcasting
 * Level 1.5(1.2) Conjurations
 + Level 2.4(2.1) Charms
 + Level 3.3(3.0) Translocations
 * Level 1.6(1.3) Fire Magic
 * Level 2.5(2.2) Air Magic
 * Level 2.8(2.5) Poison Magic


You had 3 spell levels left.
You knew the following spells:

 Your Spells              Type           Power        Failure   Level  Hunger
a - Shroud of Golubria    Chrm/Tloc      ##....       10%         2    ##.....
b - Blink                 Tloc           N/A          8%          2    ##.....
c - Mephitic Cloud        Conj/Pois/Air  #.......     24%         3    ###....
d - Magic Dart            Conj           #...         11%         1    None
f - Conjure Flame         Conj/Fire      #.......     32%         3    ###....

Your spell library contained the following spells:

 Spells                   Type           Power        Failure   Level  Hunger
 Gell's Gravitas          Tloc           ##........   16%         3    ###....
 Lesser Beckoning         Tloc           ##........   16%         3    ###....
 Teleport Other           Tloc           ##......     16%         3    ###....
 Call Imp                 Summ           #.......     28%         2    ##.....
 Slow                     Hex            #.......     28%         2    ##.....
 Passage of Golubria      Tloc           N/A          45%         4    ####...


Dungeon Overview and Level Annotations

Branches:
Dungeon (6/15)             Temple (1/1) D:5         Ossuary (visited)

Altars:
Ashenzari
Fedhas
Gozag

Annotations:
D:6 exclusion: oklob plant


Innate Abilities, Weirdness & Mutations

You cannot wear most types of armour.
You are very stealthy in the water. (Stealth+)
You are amphibious.
You can wear up to eight rings at the same time.
You can use your tentacles to constrict eight enemies at once.
Your skin changes colour to match your surroundings (Stealth+).
Your rubbery body absorbs attacks. (AC +1, EV +1)
You are partially covered in thin metallic scales. (AC +2)
You possess an exceptional clarity of mind.


Message History

The wight is almost destroyed.
Casting: Magic Dart (safe; 11% risk of failure)
Confirm with . or Enter, or press ? or * to list all spells.
You don't have enough magic to cast that spell.
The wight hits the plant but does no damage.
There are monsters nearby!
Casting: Magic Dart (safe; 11% risk of failure)
Confirm with . or Enter, or press ? or * to list all spells.
Aiming: Magic Dart (safe; 11% risk of failure)
Press: ? - help, Shift-Dir - straight line, f/p - wight
Aim: a wight, wielding a +2 scimitar of freezing and wearing a +0 robe (almost destroyed)
The magic dart hits the wight but does no damage.
The wight is almost destroyed.
The wight zaps a wand.
The puff of flame hits you.
* * * LOW HITPOINT WARNING * * *
You are engulfed in a cloud of scalding steam.
The wight hits something with a +2 scimitar of freezing.
The wight freezes something.
The wight zaps a wand.
The puff of flame hits you!
You die...
Your body crumbles into a pile of gold.
P.#PP.P..PPPPPPP#P # ..%%.PP#P.PP..PPP.PP ..♣PPPP.PPPP♣PP#PPPP

PPPPPPP.......#PP##P♣
..PPPP..≈≈.≈≈..#.#PP
.PPP...≈≈≈.≈≈≈..#P####
##.P...≈≈≈≈.≈≈≈≈..P#PP#
#PP♣P.≈≈≈≈≈.≈≈≈≈≈.PP♣
#PP...≈≈≈@...≈≈≈≈.PP♣P
#PPPP.≈≈§§._.≈≈≈≈.PPP##
#.PP#.≈§§≈...≈≈≈≈.PPPP#
#PPPP.≈§≈≈≈≈≈≈≈≈≈.PPPP#
#P.PP.z≈≈≈≈≈≈≈≈≈..PPP##
#PP#♣P..≈z≈≈≈≈≈..♣♣♣P#
#PPPP#♣..≈zz≈≈..#PPP..#
##PPP♣z......PPPPPP##


#PP.PPPPPP#.#♣P#P♣PPPP## You could see 4 wights.

Vanquished Creatures
  3 sky beasts
  An orc warrior (D:4)
  2 centaurs
  4 water moccasin zombies (Ossuary)
  A howler monkey (D:4)
  A bullfrog zombie (D:6)
  A hound (D:4)
  A bullfrog skeleton (D:5)
  A gnoll shaman (D:5)
  4 orc wizards
  An iguana (D:4)
  2 worker ants
  2 big kobold zombies (Ossuary)
  A hound zombie (D:6)
  2 mummies (Ossuary)
  A hound skeleton (D:4)
  4 adders
  12 gnolls
  An ooze (D:4)
  3 adder zombies (Ossuary)
  2 worms
  2 dart slugs
  2 leopard geckos (D:4)
  15 orcs
  11 bats
  5 giant cockroaches
  A gnoll zombie (Ossuary)
  12 hobgoblins
  14 jackals
  11 kobolds
  3 quokkas
  A ball python zombie (D:5)
  9 frilled lizards
  3 goblins (D:1)
  3 hobgoblin zombies (Ossuary)
  7 kobold zombies (Ossuary)
  A leopard gecko skeleton (D:4)
  4 orc zombies (Ossuary)
  9 rats
163 creatures vanquished.

Notes
Turn   | Place    | Note
-------+----------+-------------------------------------------
     0 | D:1      | Esekla the Octopode Warper began the quest for the Orb.
     0 | D:1      | Reached XP level 1. HP: 14/14 MP: 3/3
    10 | D:1      | Noticed an electric eel
   281 | D:1      | Reached XP level 2. HP: 16/19 MP: 5/5
   286 | D:1      | Learned a level 2 spell: Blink
   289 | D:1      | Learned a level 2 spell: Shroud of Golubria
   539 | D:1      | Reached XP level 3. HP: 18/24 MP: 3/6
  1209 | D:2      | You fall into a shaft and drop 2 floors!
  1244 | D:4      | Reached skill level 3 in Long Blades
  1244 | D:4      | Reached skill level 1 in Charms
  1244 | D:4      | Reached XP level 4. HP: 21/29 MP: 4/7
  1373 | D:4      | Reached XP level 5. HP: 34/34 MP: 8/8
  1382 | D:4      | Found a shattered altar of Ashenzari.
  1438 | D:4      | Noticed an orc warrior
  1452 | D:4      | Found a sand-covered staircase.
  1461 | Ossuary  | Entered an ossuary
  1995 | Ossuary  | Reached skill level 4 in Long Blades
  2289 | Ossuary  | Reached XP level 6. HP: 22/40 MP: 9/9
  2528 | Ossuary  | Reached skill level 5 in Long Blades
  2806 | Ossuary  | Reached XP level 7. HP: 45/45 MP: 8/10
  2841 | Ossuary  | Gained mutation: You possess an exceptional clarity of
                  | mind. [potion of mutation]
  2841 | Ossuary  | Gained mutation: You are partially covered in thin metallic
                  | scales. (AC +2) [potion of mutation]
  4410 | D:2      | Reached skill level 6 in Long Blades
  4708 | D:2      | Learned a level 3 spell: Mephitic Cloud
  4712 | D:2      | Learned a level 3 spell: Conjure Flame
  4714 | D:2      | Learned a level 1 spell: Magic Dart
  5588 | D:5      | Entered Level 5 of the Dungeon
  5613 | D:5      | Reached skill level 1 in Air Magic
  5736 | D:5      | Reached skill level 1 in Poison Magic
  5736 | D:5      | Reached XP level 8. HP: 52/52 MP: 12/12
  6320 | D:5      | Reached skill level 1 in Conjurations
  6320 | D:5      | Reached skill level 1 in Fire Magic
  6440 | D:5      | Found a staircase to the Ecumenical Temple.
  6448 | Temple   | Entered the Ecumenical Temple
  6459 | Temple   | Became a worshipper of Gozag Ym Sagoz the Greedy
  7075 | D:6      | Found a blossoming altar of Fedhas.
  7092 | D:6      | Noticed an oklob plant
  7223 | D:6      | Killed from afar by a wight

Illustrated notes

Levels and vault maps discovered:
D:1:      arrival_aquarium_a, layout_basic, minmay_close_crescents
D:2:      minmay_door_path, layout_loops_ring, cheibrodos_gnoll_hut
D:3:      layout_basic
D:4:      layout_loops_ring, lemuel_coloured_pillars_altar,
          nicolae_ossuary_entry_monument
D:5:      layout_loops_corners, minmay_temple_entry_overgrown, first_ration,
          minmay_fractal_squares_5
D:6:      layout_rooms, overflow_temple_1_default, cheibrodos_sewer_entry_bend,
          tgw_fedhas
Temple:   nicolae_temple_figure_eight

Skill      XL: |  1  2  3  4  5  6  7  8 |
---------------+-------------------------+-----
Dodging        | 3 4 |  4.7
Long Blades    | 3 4 5 6 |  6.7
Charms         | 1 2 |  2.4
Fighting       | 3 |  3.4
Air Magic      | 1 2 |  2.5
Poison Magic   | 1 2 |  2.8
Spellcasting   | 3 |  3.5
Conjurations   | 1 |  1.5
Fire Magic     | 1 |  1.6
Short Blades   | |  0.8
Throwing       | |  1.0
Translocations | |  3.3

Action                   |  1- 3 |  4- 6 |  7- 9 || total
-------------------------+-------+-------+-------++-------
Melee: Falchion          |    67 |    93 |   194 ||   354
       Tentacles         |    12 |    20 |    54 ||    86
       Constrict         |    16 |    24 |    64 ||   104
       Dagger            |       |       |    83 ||    83
Throw: Dart              |       |       |    31 ||    31
       Boomerang         |       |       |     1 ||     1
 Cast: Shroud of Golubri |     1 |     5 |     4 ||    10
       Blink             |       |     1 |     7 ||     8
       Magic Dart        |       |       |    21 ||    21
       Conjure Flame     |       |       |     1 ||     1
       Mephitic Cloud    |       |       |     2 ||     2
  Use: Scroll            |     5 |       |     6 ||    11
       Potion            |       |     1 |     2 ||     3
 Stab: Sleeping          |    10 |     2 |    13 ||    25
       Confused          |       |       |     1 ||     1
  Eat: Chunk             |     1 |       |    11 ||    12
       Ration            |       |     2 |     1 ||     3
Armor: Skin              |     7 |     3 |    37 ||    47
Dodge: Dodged            |    38 |    51 |   187 ||   276
       Rpst.: Falchion   |     7 |    20 |    34 ||    61

Table legend:
 A = Non-vault XP
 B = Vault XP
 C = Vault XP percentage of total XP
 D = Non-vault monster count
 E = Vault monster count
 F = Vault count percentage of total count
                 A         B        C        D         E       F
            +---------+---------+-------+---------+---------+-------
      Total |    1631 |     523 |  24.3 |     122 |      41 |  25.2
            +---------+---------+-------+---------+---------+-------
        D:1 |      68 |       6 |   8.1 |      27 |       5 |  15.6
        D:2 |     122 |      28 |  18.7 |      34 |       8 |  19.0
        D:3 |     129 |       0 |   0.0 |      16 |       0 |   0.0
        D:4 |     357 |      45 |  11.2 |      18 |       1 |   5.3
        D:5 |     637 |       2 |   0.3 |      18 |       1 |   5.3
        D:6 |     318 |       0 |   0.0 |       9 |       0 |   0.0
    Ossuary |       0 |     442 | 100.0 |       0 |      26 | 100.0
            +---------+---------+-------+---------+---------+-------
